[Event "*** Titled Tuesday Blitz"]
[Site "Chess.com"]
[Date "2020.05.19"]
[Round "2"]
[White "marianokar"]
[Black "Prostochendir"]
[Result "1-0"]
[WhiteElo "2416"]
[BlackElo "2172"]
[TimeControl "180+1"]
[EndTime "12:19:47 PDT"]
[Termination "marianokar won on time"]

1. e4 b6 2. d4 Bb7 3. Nd2 e6 4. Ngf3 c5 5. c3 d6 6. Bd3 g6 7. O-O Bg7 8. Re1 Ne7 9. Nf1 O-O 10. Ng3 Nd7 11. h4 h5 12. Bg5 f6 13. Be3 e5 14.
Bc4+ d5 15. exd5 Bxd5 16. Bxd5+ Nxd5 17. dxe5 Nxe5 18. Nxe5 Nxe3 19. Rxe3 fxe5 20. Qxd8 Raxd8 21. Ne4 Bh6 22. Ree1 Kg7 23. g3 Rf3 24. Rad1 Rfd3 25.
Rxd3 Rxd3 26. Kf1 Kf7 27. Ke2 Rd7 28. Rd1 Rxd1 29. Kxd1 Ke6 30. c4 Bf8 31. f3 Be7 32. Ke2 a6 33. a4 Kf5 34. Ke3 g5 35. hxg5 Bxg5+ 36. Kd3 Be7 37. Nc3 h4 38. gxh4 Bxh4 39. Nd5 Bd8 40. Ke3 Bg5+ 41. Ke2 Bd8 42. Kd3 b5 43.
cxb5 axb5 44. axb5 Ke6 45. Kc4 Kd6 46. Nc3 Ba5 47.
Ne4+ Kc7 48. Nxc5 Bb6 49. Na4 Bd4 50. Kd5 Kb7 51. b3 Ba1 52. Kc4 Bd4 53. Nc5+ 1-0

[Event "*** Titled Tuesday Blitz"]
[Site "Chess.com"]
[Date "2020.05.19"]
[Round "2"]
[White "MITerryble"]
[Black "carvillshill"]
[Result "1/2-1/2"]
[WhiteElo "2842"]
[BlackElo "2541"]
[TimeControl "180+1"]
[EndTime "12:19:48 PDT"]
[Termination "Game drawn - insufficient material"]

1. d4 Nf6 2. Nf3 g6 3. Bg5 Bg7 4. c3 O-O 5. Nbd2 d6 6. e4 c5 7. dxc5 dxc5 8. Bc4 Nc6 9. Qe2 Qc7 10. O-O h6 11. Bxf6 Bxf6 12. Qe3 Kg7 13. Qxc5 b6 14. Qe3 Bb7 15. Rfe1 Rfd8 16. Bf1 Ne5 17. Nxe5 Bxe5 18.
g3 e6 19. Rad1 Bd6 20. Bg2 Bc5 21. Qe2 e5 22. Nf1 Rxd1 23. Rxd1 Rd8 24. Rxd8 Qxd8 25. Qd2 Qe7 26. Ne3 Qg5 27. Nc4 Qf6 28. b4 Bf8 29.
Qd7 Ba6 30. Ne3 Be2 31. h4 a5 32. Nd5 Qd6 33. Qxd6 Bxd6 34. a3 axb4 35. axb4 b5 36. Bf1 Bf3 37. Bxb5 Bxe4 38. Ne3 f5 39. Nc4 Bc7 40.
Nd2 Bc2 41. c4 Bd3 42. Bc6 e4 43. c5 Be5 44. Nb3 Bc2 45. Nc1 Bc3 46. b5 Bd4 47. b6 Bxc5 48. b7 Ba7 49. Ne2 Kf6 50. Nf4 g5 51. Nd5+ Ke5 52. Nb4 Kd6 53. hxg5 hxg5 54.
Nxc2 Kxc6 55. Nb4+ Kxb7 56. Nd5 f4 57. gxf4 gxf4 58.
Nxf4 e3 59. fxe3 Bxe3+ 1/2-1/2

[Event "*** Titled Tuesday Blitz"]
[Site "Chess.com"]
[Date "2020.05.19"]
[Round "2"]
[White "Karina_Ivanova"]
[Black "Andro2"]
[Result "1-0"]
[WhiteElo "2212"]
[BlackElo "2412"]
[TimeControl "180+1"]
[EndTime "12:19:49 PDT"]
[Termination "Karina_Ivanova won on time"]

1. Nf3 Nf6 2. g3 b5 3. Bg2 Bb7 4. d4 e6 5. a4 b4 6. c4 d6 7. O-O Nbd7 8. b3 c5 9. Bb2 Be7 10. Nbd2 O-O 11. Re1 a5 12. e4 cxd4 13. Nxd4 Qb6 14.
Qe2 Nc5 15. Rad1 Rfe8 16. h3 Rad8 17. Kh2 h6 18. f4 Nfd7 19. N4f3 Bf6 20. e5 dxe5 21.
fxe5 Be7 22. Bd4 Qc7 23. Qe3 Nf8 24. Ng1 Bxg2 25. Kxg2 Ng6 26. Ndf3 Qc6 27. Ne2 Nd7 28. Kh2 Bc5 29. Nf4 Ne7 30. Qe4 Qc7 31. Be3 Bxe3 32. Qxe3 Nf5 33. Qf2 Nc5 34. Qc2 Ne7 35. Nd4 Rd7 36.
Nb5 Qc6 37. Nd6 Red8 38. Re2 Nc8 39. Nxc8 Qxc8 40. Red2 Rxd2+ 41. Rxd2 Rxd2+ 42. Qxd2 Nxb3 43. Qd6 Nc5 44. Qb6 b3 45. Qxa5 Nd7 46. Qb5 Qc7 47. Qxb3 Nxe5 48. Qb5 Nxc4 49. Qe8+ Kh7 50. Qb5 Nd6 51.
Qd3+ g6 52. Qa3 Nc4 53. Qc1 Qc6 54. Qc3 Qe4 55. a5 Ne5 56. a6 Nf3+ 57. Kg2 Nd2+ 58.
Kf2 Nc4 59. Kf1 Ne3+ 60. Kf2 Nc4 61. Kf1 Nb6 62. Kf2 1-0

[Event "*** Titled Tuesday Blitz"]
[Site "Chess.com"]
[Date "2020.05.19"]
[Round "2"]
[White "RojonR"]
[Black "FMJoseHerrera"]
[Result "0-1"]
[WhiteElo "2402"]
[BlackElo "2647"]
[TimeControl "180+1"]
[EndTime "12:19:50 PDT"]
[Termination "FMJoseHerrera won by resignation"]

1. e4 c5 2. Nf3 e6 3. b3 b6 4. Bb2 Bb7 5. Nc3 a6 6. d4 cxd4 7. Nxd4 Qc7 8. Bd3 d6 9. O-O Nd7 10. Nce2 Ngf6 11. Ng3 h5 12. h4 Be7 13. Nf3 Rc8 14.
c4 Ne5 15. Rc1 Nfg4 16. Bb1 Bf6 17. Nxe5 Nxe5 18. Nxh5 Bxh4 19. Nxg7+ Ke7 20. f4 Ng6 21. f5 Ne5 22. fxe6 Bf6 23. Nf5+ Kxe6 24. Nd4+ Ke7 25.
Nf5+ Ke6 26. Qxd6+ Qxd6 27. Nxd6 Nf3+ 28. Rxf3 Bxb2 29.
Rd1 Rcd8 30. Rfd3 Bc6 31. Nf5 Rxd3 32. Rxd3 Bxe4 33. Re3 Kxf5 34. Rxe4 Kf6 35. Rf4+ Ke6 36. Re4+ Kd6 37. g4 Be5 38. Re2 f6 39. Bf5 Kc5 40. Rd2 a5 41. Rd5+ Kb4 42. Rb5+ Ka3 43. Kg2 Bd4 44. Kf3 Kxa2 45. Ke4 Bc5 46. Kd5 Rd8+ 47. Ke6 Rd6+ 48. Kf7 Bb4 49. Be6 Rc6 50. Kxf6 Kxb3 51. Kf7 Kc3 52. g5 Rc7+ 53. Kf6 Be7+ 54. Kf5 a4 55. Rxb6 a3 56. Ra6 Rc5+ 57. Ke4 Rxg5 58.
Bd5 Rg4+ 59. Kf5 Rh4 60. Ke6 Bb4 61. c5 Bxc5 62. Kd7 Kd4 63. Bf7 Rh7 64. Ke8 Rh8+ 65. Kd7 Rh7 66. Ke8 Ke5 67. Kd7 Rxf7+ 0-1

[Event "*** Titled Tuesday Blitz"]
[Site "Chess.com"]
[Date "2020.05.19"]
[Round "2"]
[White "SubrotaBiswas"]
[Black "econpower"]
[Result "0-1"]
[WhiteElo "2382"]
[BlackElo "2645"]
[TimeControl "180+1"]
[EndTime "12:19:50 PDT"]
[Termination "econpower won by resignation"]

1. d4 d6 2. c4 g6 3. Nc3 Bg7 4. e4 Nd7 5. g3 e5 6. d5 Ne7 7. Bg2 O-O 8. Nf3 h6 9. Be3 f5 10. Qd2 Kh7 11. h4 Nc5 12. h5 g5 13. Nxg5+ hxg5 14.
Bxg5 Bf6 15. exf5 Bxf5 16. O-O Bxg5 17. Qxg5 Rg8 18. Qh4 Rg4 19. Qh2 Rxc4 20. f4 exf4 21. Ne2 f3 22. Rxf3 Qg8 23. Raf1 Rf8 24. g4 Qxg4 25. Ng3 Rc2 26. Rf4 Qg5 27. Kh1 Nd3 28. R4f3 Ne5 29. Rf4 Rg8 30. Rxf5 Nxf5 31. Rxf5 Qxg3 32.
Qxg3 Rxg3 33. Be4 Rc4 34. Rxe5+ Kh6 35. Re6+ Kxh5 36. Kh2 Rg5 37. Bf3+ Rgg4 38. Kh3 Kg5 39. Bxg4 Rxg4 40. Re7 Rc4 41. Kg3 Kf5 42. Kf3 b5 43.
Ke3 Rc5 44. Kd4 a5 45. b3 a4 46. bxa4 bxa4 47. Re3 Rc2 48. Ra3 Rd2+ 49. Kc4 Ke5 50. Rxa4 Rd4+ 51. Kb5 Rxa4 52. Kxa4 Kxd5 53. Kb5 c6+ 54.
Kb6 c5 55. a4 c4 56. a5 c3 57. a6 c2 58. a7 c1=Q 59. a8=Q+ Kd4 60. Qa4+ Qc4 61. Qd1+ Qd3 62. Qg1+ Kd5 63. Qg8+ Kd4 64. Kc6 Qa6+ 65. Kd7 d5 66. Qg1+ Kc3 67. Qc1+ Kb4 68.
Qb2+ Kc5 69. Qf2+ d4 70. Qc2+ Qc4 71. Qb2 d3 72. Ke7 Qe4+ 73. Kd7 Qd4+ 74. Qxd4+ Kxd4 0-1

[Event "*** Titled Tuesday Blitz"]
[Site "Chess.com"]
[Date "2020.05.19"]
[Round "2"]
[White "manitodeplomo"]
[Black "mjray79"]
[Result "1-0"]
[WhiteElo "2617"]
[BlackElo "2288"]
[TimeControl "180+1"]
[EndTime "12:19:50 PDT"]
[Termination "manitodeplomo won by checkmate"]

1. d4 Nf6 2. c4 g6 3. Nc3 Bg7 4. e4 d6 5. Be2 O-O 6. Nf3 e5 7. d5 a5 8. Bg5 Na6 9. Nd2 Qe8 10. O-O Bd7 11. b3 h6 12. Bh4 Nh7 13. a3 f5 14.
f3 g5 15. Bf2 f4 16. Rb1 h5 17.
b4 axb4 18. axb4 Qg6 19. c5 Nf6 20. c6 bxc6 21. dxc6 Be6 22. b5 Nc5 23. Nc4 g4 24. b6 cxb6 25. Nxb6 g3 26. Bxc5 dxc5 27. Nxa8 Qg5 28. h3 Qh4 29. Nc7 Bxh3 30. gxh3 Qxh3 31.
Bc4+ Kh8 32. Qe2 Ng4 33. Be6 Rf6 34. Qg2 Qh4 35. Rb8+ Kh7 36. fxg4 hxg4 37. Bf5+ Rxf5 38. exf5 f3 39. Qh1 Qxh1+ 40. Kxh1 g2+ 41. Kg1 e4 42. Nxe4 Bd4+ 43. Rf2 g3 44. Rb2 gxf2+ 45. Rxf2 Bxf2+ 46. Nxf2 c4 47. Nd5 c3 48. Nxc3 Kh6 49. c7 Kg5 50. c8=Q Kf4 51. Qc7+ Ke3 52. Qe5+ Kd2 53. Qd5+ Ke3 54.
Qe4+ Kd2 55. Qxf3 Kc1 56. Qxg2 Kd2 57. Nce4+ Kc1 58. Qg5+ Kc2 59. Qd2+ Kb1 60. Ng5 Ka1 61. Nfh3 Kb1 62. Nf4 Ka1 63. Nh5 Kb1 64. Ne6 Ka1 65. Neg7 Kb1 66. Nf6 Ka1 67. Nh7 Kb1 68. Kf2 Ka1 69. Ke3 Kb1 70. Kd3 Ka1 71. Kc3 Kb1 72.
Kb3 Ka1 73. Qb2# 1-0

[Event "*** Titled Tuesday Blitz"]
[Site "Chess.com"]
[Date "2020.05.19"]
[Round "2"]
[White "barbara25"]
[Black "KaterinaMiroshnik"]
[Result "0-1"]
[WhiteElo "2193"]
[BlackElo "2426"]
[TimeControl "180+1"]
[EndTime "12:19:52 PDT"]
[Termination "KaterinaMiroshnik won on time"]

1. e4 e6 2. d4 d5 3. e5 c5 4.
c3 Nc6 5. Nf3 cxd4 6. cxd4 Nge7 7. a3 Nf5 8. Nc3 Be7 9. Be3 a6 10. Bd3 b5 11. Bxf5 exf5 12. O-O Be6 13. Rc1 Rc8 14. h3 h6 15. Qd2 g5 16. Qd3 Qd7 17.
Nh2 f4 18. Bd2 Bf5 19. Qf3 Nxd4 20. Qxd5 Ne2+ 21. Kh1 Qxd5 22. Nxd5 Nxc1 23. Bxc1 Be4 24. Nc3 Bb7 25. f3 Bc5 26. Ng4 Ke7 27. Nf6 h5 28.
h4 g4 29. Bxf4 gxf3 30. g3 f2+ 31. Kh2 Rcd8 32. Bg5 Ke6 33. Nfe4 Rc8 34. Nxc5+ Rxc5 35.
Rxf2 Rxe5 36. Rf6+ Kd7 37. Rxf7+ Kc8 38. Bf6 Rf5 39.
a4 Rd8 40. Kg1 Rd6 41. Rf8+ Kd7 42. Rd8+ Kc7 43. Rxd6 Kxd6 44. Bg5 b4 45. Nd1 Rc5 46. Ne3 Rc1+ 47. Kf2 Rb1 48. a5 Kc5 49. Bf6 Kb5 50. g4 Rh1 51. g5 Rh2+ 52. Ke1 Rh1+ 53. Kd2 Rg1 54. Ke2 Be4 55. Kf2 Rc1 56. Ke2 Rc8 57.
Nd1 Bg6 58. Ke3 b3 59. Nc3+ Kxa5 60. Kd4 Kb4 61. Ke5 Kc4 62. Ke6 Kd3 63. Ke7 Rc7+ 64. Kd6 Rb7 65. Ke6 Rb6+ 66. Ke7 Rb4 67. Kf8 Rxh4 68. Kg7 Bf5 69. Kh6 Rg4 70. Kxh5 Rg1 71. Kh6 a5 0-1

[Event "*** Titled Tuesday Blitz"]
[Site "Chess.com"]
[Date "2020.05.19"]
[Round "2"]
[White "LiverpooL174"]
[Black "Gabrielian_Artur"]
[Result "1/2-1/2"]
[WhiteElo "2495"]
[BlackElo "2717"]
[TimeControl "180+1"]
[EndTime "12:19:54 PDT"]
[Termination "Game drawn - insufficient material"]

1. Nf3 Nf6 2. b3 g6 3. Bb2 Bg7 4. g3 O-O 5. Bg2 d6 6. d4 Nbd7 7. O-O Re8 8. c4 e5 9. dxe5 Ng4 10. Nc3 dxe5 11. h3 Nh6 12. Qc2 f5 13. e4 f4 14. g4 Nf7 15. Rad1 c6 16. Ba3 Qc7 17. Na4 b6 18. Rd2 Nf8 19. Rfd1 Ne6 20. Bb2 Bb7 21. b4 Rad8 22. Rxd8 Rxd8 23. Rxd8+ Qxd8 24. Bc3 Nd4 25. Bxd4 exd4 26. Nb2 c5 27. bxc5 bxc5 28. Ne1 Qa5 29. Nbd3 Ne5 30. Kh2 f3 31. Bxf3 Nxf3+ 32. Nxf3 Bxe4 33.
Qe2 Qc7+ 34. Kg1 Bxd3 35. Qxd3 Qf4 36. Qe2 Bf6 37. Qe8+ Kg7 38. Qd7+ Kh6 39. Kg2 g5 40. Qf7 d3 41. Qf8+ Kg6 42. Qg8+ Bg7 43. Qe8+ Kf6 44. Qd8+ Kg6 45. Qxd3+ Kf7 46. Qd5+ Kg6 47. Qxc5 h5 48. Qf5+ Qxf5 49. gxf5+ Kxf5 50. c5 Bf6 51. c6 Ke6 52. Nd2 Be5 53. Ne4 g4 54. hxg4 hxg4 55. Kf1 Bc7 56. Ke2 Kd5 57. Kd3 Kxc6 58. Nf6 g3 59. fxg3 Bxg3 60. Ne4 Bc7 61. Kc2 Kd5 62. Nd2 Kc6 63. Kb3 Bb6 64. Nc4 Bc5 65. a3 Bd4 66. Kb4 Bc5+ 67. Kb3 Bd4 68. Kb4 Bf2 69. Na5+ Kc7 70. Nc4 Kc6 71. Na5+ Kb6 72. Nc4+ Ka6 73. Ka4 Be1 74. Nd6 Bg3 75. Nb5 Bf2 76. Nxa7 Bxa7 77. Kb3 Kb5 78. a4+ Ka5 79. Kc3 Bb6 80. Kd3 Bc7 81. Ke4 Bd6 82. Kd5 Bb4 83. Ke6 Ba3 84.
Kf5 Bb2 85. Kg6 Bc3 86. Kf7 Bb4 87. Kg8 Bc5 88. Kh7 Bb6 89. Kg6 Ba7 90. Kf7 Bb8 91. Kg8 Bc7 92. Kh7 Bd6 93. Kg6 Kxa4 1/2-1/2

[Event "*** Titled Tuesday Blitz"]
[Site "Chess.com"]
[Date "2020.05.19"]
[Round "2"]
[White "LuckSlayeer"]
[Black "Siemba"]
[Result "0-1"]
[WhiteElo "2437"]
[BlackElo "2254"]
[TimeControl "180+1"]
[EndTime "12:19:55 PDT"]
[Termination "Siemba won on time"]

1. e4 e6 2. d4 d5 3. Nc3 Nf6 4.
e5 Nfd7 5. f4 c5 6. Nf3 Nc6 7. Be3 cxd4 8. Nxd4 Qb6 9. Qd2 Qxb2 10. Rb1 Qa3 11. Ndb5 Qa5 12. Be2 a6 13. Nd6+ Bxd6 14.
exd6 Qa3 15. O-O Qxd6 16. Ne4 Qe7 17. Ng3 Nf6 18. c4 O-O 19. cxd5 Nxd5 20. Bf2 b5 21.
Ne4 Rd8 22. Qc1 Bb7 23. Nc5 Rac8 24. Bf3 Ncb4 25. Rxb4 Nxb4 26. Bxb7 Nd3 27. Qc3 Nxf2 28. Bxc8 Rxc8 29. Rxf2 Qxc5 30. Qd3 h6 31. g3 Qc4 32. Qd2 Qc1+ 33. Qxc1 Rxc1+ 34. Kg2 Kf8 35. Rd2 Ke7 36. Kf3 Rc3+ 37. Ke4 Rc4+ 38. Kd3 Kd6 39. Rb2 f6 40. Re2 Rc5 41. Rb2 Rd5+ 42. Ke3 Rc5 43. Rd2+ Kc7 44. Rb2 e5 45. fxe5 Rxe5+ 46.
Kd4 Kd6 47. Rc2 Rd5+ 48. Ke4 Rc5 49. Rd2+ Ke6 50. Rb2 f5+ 51. Kf3 g5 52. Ke3 Ke5 53. Ke2 f4 54. gxf4+ gxf4 55. Kf2 Rc3 56. Re2+ Kf5 57.
Rd2 Ra3 58. Kg2 Ke4 59. Kf2 h5 60.
Rc2 h4 61. Rb2 h3 62. Rb4+ Kf5 63. Rb3 Rxb3 0-1

[Event "*** Titled Tuesday Blitz"]
[Site "Chess.com"]
[Date "2020.05.19"]
[Round "2"]
[White "valeriocarnicelli"]
[Black "vugarrasulov"]
[Result "1-0"]
[WhiteElo "2543"]
[BlackElo "2810"]
[TimeControl "180+1"]
[EndTime "12:19:58 PDT"]
[Termination "valeriocarnicelli won by resignation"]

1. e4 c5 2. Nf3 e6 3. d4 cxd4 4. Nxd4 Nc6 5. Nc3 Qc7 6. Be3 a6 7. f3 Nf6 8. Qd2 b5 9. O-O-O Bb7 10. Kb1 Be7 11. g4 h6 12. h4 Ne5 13. Bf4 d6 14. Ndxb5 axb5 15. Nxb5 Qa5 16. Qxa5 Rxa5 17. b4 Ra4 18.
Nxd6+ Bxd6 19. Bb5+ Ke7 20. Bxa4 Ra8 21. Bb3 Bc7 22.
g5 Nh5 23. Bh2 Rc8 24. Rhf1 Ba6 25. Rf2 Bb6 26. Bxe5 Bxf2 27. Bd6+ Ke8 28. Ba4+ Kd8 29. Bg3+ Ke7 30. Bxf2 hxg5 31. hxg5 Kf8 32. Bc5+ Kg8 33.
Rd7 Be2 34. Bb6 Bxf3 35. Rd8+ Rxd8 36. Bxd8 Bxe4 37. Bb5 Nf4 38. a4 Nd5 39. Ba5 Nc3+ 40. Kb2 Nxb5 41. axb5 f5 42. Bc7 Kf7 43. c4 Kg6 44.
Bf4 Kh5 45. Kc3 Kg4 46. Be5 f4 47. Kd4 f3 48. Ke3 g6 49. Bd4 Kf5 50. c5 e5 51. Bc3 Bd3 52. Kxd3 Kf4 53. Kd2 e4 54. Bd4 Kg3 55. Ke1 1-0

[Event "*** Titled Tuesday Blitz"]
[Site "Chess.com"]
[Date "2020.05.19"]
[Round "2"]
[White "GoltsevDmitry2000"]
[Black "Msb2"]
[Result "1-0"]
[WhiteElo "2573"]
[BlackElo "2900"]
[TimeControl "180+1"]
[EndTime "12:19:59 PDT"]
[Termination "GoltsevDmitry2000 won by checkmate"]

1. e4 e6 2. d4 d5 3. exd5 exd5 4. Bd3 Nc6 5. Nf3 Bd6 6. c3 Nge7 7. Qc2 Bg4 8. Nbd2 Qd7 9. h3 Bh5 10. O-O f6 11. Re1 O-O-O 12. b4 Rde8 13. a4 g5 14. Nh2 g4 15. hxg4 Bxg4 16. Ndf1 Bf5 17. Bh6 Rhg8 18. Re2 Bxb4 19. cxb4 Nxb4 20. Bxf5 Nxf5 21.
Rxe8+ Rxe8 22. Qd2 Nc6 23. Be3 h5 24. Qd3 h4 25. Ng4 Qe6 26. Re1 Nd6 27. f3 Qf7 28. Bf2 Rh8 29. Qe3 Re8 30. Qf4 Rxe1 31. Bxe1 a5 32. Bxh4 f5 33. Ne5 Nxe5 34. Qxe5 Nc4 35. Qf4 b6 36. Ne3 Nd6 37. Bg3 Qe6 38. Qe5 Qd7 39. Nxd5 Nc4 40. Qxc7+ Qxc7 41. Bxc7 Kb7 42. Bxb6 Nb2 43. Bxa5 Nxa4 44. Bd2 Kc6 45. Ne3 f4 46. Nf5 Kd5 47. Bxf4 Nc3 48. Be5 Ne2+ 49. Kf2 Nc1 50. Ne3+ Ke6 51. g4 Nb3 52. f4 Kf7 53. Kf3 Nd2+ 54.
Ke2 Nb3 55. g5 Kg6 56. Kd3 Na5 57. d5 Nb7 58. d6 Kf7 59. Nf5 Ke6 60. Nd4+ Kd5 61.
g6 Nc5+ 62. Ke3 Nd7 63. g7 Nf6 64. Bxf6 Kxd6 65. g8=Q Kd7 66. Qd8# 1-0

[Event "*** Titled Tuesday Blitz"]
[Site "Chess.com"]
[Date "2020.05.19"]
[Round "2"]
[White "rakshi2005"]
[Black "Oneofmyturns"]
[Result "0-1"]
[WhiteElo "2281"]
[BlackElo "2611"]
[TimeControl "180+1"]
[EndTime "12:19:59 PDT"]
[Termination "Oneofmyturns won by resignation"]

1. e4 e5 2. Nf3 Nc6 3. Bc4 Bc5 4. O-O Nf6 5. d4 Bxd4 6. Nxd4 Nxd4 7. f4 d6 8. fxe5 dxe5 9. Bg5 Be6 10. Na3 Qe7 11. c3 Bxc4 12. Bxf6 gxf6 13. Nxc4 Ne6 14. b4 Rg8 15. g3 Ng5 16. Qd5 c6 17. Qd6 Nxe4 18.
Qd3 Ng5 19. Nd6+ Kf8 20. Nf5 Rd8 21. Qe3 Qc7 22. h4 Ne6 23. Qh6+ Ke8 24. Qxf6 Rd3 25. Rad1 e4 26. Rxd3 exd3 27. Re1 Rxg3+ 28. Nxg3 Qxg3+ 29. Kf1 d2 30. Rxe6+ fxe6 31. Qxe6+ Kd8 32. Qf6+ Ke8 33. Qe6+ Kf8 34. Qf6+ Kg8 35. Qd8+ Kg7 36. Qd7+ Kg6 37.
Qxd2 Qxh4 38. Qd7 Qf6+ 39. Kg2 Qxc3 40. Qxb7 Qd2+ 41. Kg3 Qd3+ 42. Kg2 Qe2+ 43. Kg3 Qe3+ 44. Kg2 Qb6 45. Qe7 Qb5 46. Qe6+ Kg5 47. Qe7+ Kf5 48.
Qxh7+ Ke6 49. Qg6+ Kd5 50. Qf5+ Kc4 51. Qe4+ Kc3 52.
Qe1+ Kb2 53. Qd2+ Ka3 54. Qc3+ Kxa2 55. Qc2+ Ka3 56. Qc3+ Ka4 57. Qa1+ Kxb4 58. Qxa7 Qd5+ 59. Kg3 c5 60. Qb6+ Kc4 61. Qa6+ Kd4 62. Qa4+ Kd3 63. Qa3+ Ke4 64. Qa4+ Qd4 65. Qc2+ Qd3+ 66. Qxd3+ Kxd3 67. Kf3 Kd2 68. Ke4 c4 69. Kd4 c3 0-1

[Event "*** Titled Tuesday Blitz"]
[Site "Chess.com"]
[Date "2020.05.19"]
[Round "2"]
[White "AttilaTurzo"]
[Black "MrChampion_Coach"]
[Result "0-1"]
[WhiteElo "2491"]
[BlackElo "2299"]
[TimeControl "180+1"]
[EndTime "12:19:59 PDT"]
[Termination "MrChampion_Coach won on time"]

1. e4 c5 2. Nf3 d6 3. d4 cxd4 4. Nxd4 Nf6 5. Nc3 Nc6 6. Bg5 e6 7. Qd2 a6 8. O-O-O Bd7 9. f3 Nxd4 10. Qxd4 b5 11. Kb1 h6 12. Be3 Qc7 13. Qd2 Be7 14. Bd3 b4 15. Ne2 a5 16. Nd4 Qb7 17. g4 a4 18. h4 b3 19. cxb3 axb3 20. Nxb3 Ba4 21. Bc2 Nd7 22. Nc1 Bxc2+ 23. Qxc2 O-O 24. g5 h5 25. Rd3 Rfc8 26. Rc3 Ne5 27. Rf1 d5 28. exd5 Rxc3 29. Qxc3 Qxd5 30. Bd4 Nc4 31. Nb3 e5 32.
Rc1 Rc8 33. Bxe5 Na3+ 34. bxa3 Rxc3 35. Bxc3 Qxf3 36. Nd4 Qe4+ 37. Kb2 Bc5 38. Nb3 Bd6 39. Rd1 Bg3 40. Rd4 Qe2+ 41. Kb1 Kh7 42. a4 Qf1+ 43. Kb2 Qf2+ 44. Ka3 Bxh4 45. a5 Bxg5 46. a6 Be7+ 47.
Bb4 Bxb4+ 48. Kxb4 Qxa2 49. Na5 Qb2+ 50. Nb3 Qa2 51. Na5 Qe6 52. Rc4 Qxa6 53. Rc6 Qa8 54. Kb5 Qf8 55. Nc4 g6 56. Nd6 Qb8+ 57. Kc5 Qa7+ 58. Kd5 Qa1 59. Rc7 Qa2+ 60. Kc6 Kg7 61. Ne8+ Kf8 62. Nd6 Qa6+ 63. Kd5 Qd3+ 64. Kc6 Qe3 65.
Rxf7+ Kg8 66. Rd7 Qf3+ 67. Kc7 h4 0-1

[Event "*** Titled Tuesday Blitz"]
[Site "Chess.com"]
[Date "2020.05.19"]
[Round "2"]
[White "Gvetadze"]
[Black "The_Chess_Coach"]
[Result "1-0"]
[WhiteElo "2408"]
[BlackElo "2135"]
[TimeControl "180+1"]
[EndTime "12:20:02 PDT"]
[Termination "Gvetadze won by checkmate"]

1. e4 e5 2. Nf3 Nc6 3. Bb5 a6 4. Ba4 Nf6 5. d3 d6 6. c3 g6 7.
Nbd2 Bg7 8. Nf1 O-O 9. Ng3 b5 10. Bc2 d5 11. Qe2 Bb7 12. O-O Re8 13. a4 b4 14. Bd2 a5 15. Rfc1 d4 16. cxb4 Nxb4 17. Bb3 Bf8 18. Ng5 Re7 19. f4 Nd7 20. f5 h6 21. Nxf7 Rxf7 22. fxg6 Kh8 23. gxf7 Ra6 24. Nf5 Rg6 25. Kh1 Kh7 26. Bc4 Nc5 27. Bxb4 axb4 28.
Qh5 Rg5 29. Qh3 Qf6 30. Rf1 Qg6 31. Nh4 Qg7 32. Rf5 Rg4 33. Nf3 Bc8 34. Rxe5 Rg6 35.
Qxc8 Rxg2 36. Qh3 Rg6 37. Rg1 Rxg1+ 38. Nxg1 Qxe5 39. Qg4 Qg5 40. Qxg5 hxg5 41. a5 b3 42. a6 Nd7 43. Bxb3 Nb6 44. Nf3 Kg6 45. Nxd4 Kf6 46. Ne6 Kxf7 47. Nxg5+ Kg6 48. Ne6 Bd6 49. d4 Kf6 50.
e5+ Bxe5 51. dxe5+ Kxe5 52. Nxc7 Kd6 53. Nd5 Na8 54. h4 Kc5 55. h5 Kb5 56. h6 Kxa6 57. h7 Nb6 58. Nxb6 Kxb6 59. h8=Q Ka5 60. Qc3+ Kb6 61.
Qb4+ Kc6 62. Ba4+ Kd5 63. Qc3 Ke4 64. Bc6+ Kf5 65. Qf3+ Ke5 66. Qd5+ Kf4 67. b4 Ke3 68. b5 Kf4 69. b6 Ke3 70. b7 Kf2 71. b8=Q Ke3 72.
Qbe5+ Kf2 73. Qf3# 1-0

[Event "*** Titled Tuesday Blitz"]
[Site "Chess.com"]
[Date "2020.05.19"]
[Round "2"]
[White "ketster"]
[Black "GothamChess"]
[Result "1/2-1/2"]
[WhiteElo "2368"]
[BlackElo "2632"]
[TimeControl "180+1"]
[EndTime "12:20:04 PDT"]
[Termination "Game drawn - insufficient material"]

1. d4 e6 2. c4 b6 3. Nc3 Bb7 4. a3 f5 5. f3 Nf6 6. Qc2 Nc6 7.
e3 g6 8. Bd3 Bg7 9. Nge2 e5 10.
d5 Ne7 11. b4 d6 12. Bb2 Bh6 13. Nd1 O-O 14. O-O a5 15. Qc3 axb4 16. axb4 Rxa1 17. Bxa1 b5 18. e4 bxc4 19. Qxc4 Nd7 20. f4 Nb6 21. Qc2 fxe4 22. Bxe4 Bxd5 23. fxe5 Rxf1+ 24. Kxf1 Bxe4 25.
Qxe4 d5 26. Qf3 Nc4 27. Kg1 Qa8 28. Bd4 Qa4 29. Ndc3 Qa1+ 30. Qf1 Qxf1+ 31. Kxf1 c6 32. Na4 Bd2 33. Nec3 Nf5 34. Bf2 Nxe5 35. Ke2 Bh6 36. Nc5 Bf8 37. b5 cxb5 38. Nxb5 Kf7 39. Nc7 d4 40. h3 Bxc5 41. g4 d3+ 42. Kf1 Bxf2 43. gxf5 d2 44. Ke2 Be1 45. fxg6+ Kxg6 46. Nd5 Nd3 47. Ne3 Nf4+ 48. Kf3 Ne6 49. h4 Nd4+ 50. Kg4 Nc6 51. h5+ Kg7 52. Kg5 h6+ 53. Kf5 Bf2 54.
Nd1 Ne7+ 55. Ke4 Ng8 56. Nxf2 Nf6+ 57. Kd3 Nxh5 58. Kxd2 Kf6 59. Ke2 Kg5 60. Kf3 Nf6 61. Nh3+ Kf5 62. Nf4 Ng4 63. Nh5 Ne5+ 64. Kg3 Kg5 65. Nf4 Nc4 66. Nh3+ Kf5 67. Kh4 Nd6 68. Kh5 Kf6 69. Kxh6 1/2-1/2

[Event "*** Titled Tuesday Blitz"]
[Site "Chess.com"]
[Date "2020.05.19"]
[Round "2"]
[White "vpantev"]
[Black "scabies1"]
[Result "1-0"]
[WhiteElo "2550"]
[BlackElo "2292"]
[TimeControl "180+1"]
[EndTime "12:20:04 PDT"]
[Termination "vpantev won by resignation"]

1. d4 Nf6 2. Nf3 e6 3. c4 b6 4. Bg5 Ba6 5. Nbd2 d5 6. e3 c6 7. Bd3 dxc4 8. Bxc4 Bxc4 9. Nxc4 Bb4+ 10. Ke2 O-O 11.
a3 Be7 12. Re1 c5 13. dxc5 Bxc5 14. Qxd8 Rxd8 15. Bxf6 gxf6 16. b4 Be7 17. Rac1 Nd7 18. Nd4 Rac8 19. Red1 Kf8 20. b5 Ne5 21. Nxe5 fxe5 22.
Nc6 Rxd1 23. Rxd1 Bxa3 24. Ra1 Bd6 25. Rxa7 Rc7 26. Ra8+ Kg7 27. e4 f6 28. f3 Bc5 29.
Rd8 Kf7 30. g3 Rb7 31. Rh8 Kg7 32. Re8 Kf7 33. Rd8 Be7 34. Rd1 Ke8 35. g4 Rd7 36.
Ra1 Bc5 37. Ra8+ Kf7 38. h4 Kg7 39. h5 h6 40. Rc8 Kf7 41. Ra8 Kg7 42. Rd8 Rc7 43.
Kd3 Kf7 44. Kc4 Be7 45. Rd1 Ke8 46. Rd3 Rd7 47. Kc3 Rxd3+ 48. Kxd3 Bc5 49. Kc4 Kd7 50. Nb8+ Ke7 51. Na6 Bf2 52. Nb4 Kd6 53. Nd3 Bg1 54.
Nc1 Bd4 55. Ne2 Be3 56. Nc3 Bd2 57. Nb1 Bc1 58. Nc3 Bd2 59. Na4 Be3 60. Kd3 Bf2 61.
Kc3 Be3 62. Kc4 Bf2 63. Nc3 Be3 64. Nd1 Bd4 65. Kb4 Kc7 66. Kc4 Kd6 67. Kb4 Kc7 68. Kb3 Kd6 69. Kc4 Kc7 70. f4 Kd6 71. f5 exf5 72. gxf5 Kd7 73. Kd5 Ke7 74. Kc6 Kd8 75. Kd6 Ke8 76. Ke6 Kd8 77. Kxf6 Kc7 78. Ke7 Bc5+ 79. Ke6 Bd4 80. f6 Kd8 81. f7 Bc5 82.
Ne3 1-0

[Event "*** Titled Tuesday Blitz"]
[Site "Chess.com"]
[Date "2020.05.19"]
[Round "2"]
[White "Treacherous_horse64"]
[Black "AnnaChessLook"]
[Result "0-1"]
[WhiteElo "2411"]
[BlackElo "2211"]
[TimeControl "180+1"]
[EndTime "12:20:05 PDT"]
[Termination "AnnaChessLook won by checkmate"]

1. d4 Nf6 2. Nf3 g6 3. Nc3 d5 4.
Bf4 Bg7 5. Nb5 Na6 6. e3 O-O 7. Be2 c6 8. Nc3 Nc7 9. O-O Bg4 10. h3 Bxf3 11. Bxf3 b5 12. Re1 b4 13. Ne2 a5 14.
Ng3 Nb5 15. Qd3 Rc8 16. c4 Nd6 17. Rad1 Nxc4 18. Qc2 e6 19. b3 Na3 20. Qc5 Nd7 21.
Qc1 Nb5 22. Ne2 c5 23. dxc5 Nxc5 24. Qd2 Qb6 25. Rc1 Rfd8 26. Red1 Nc3 27. Re1 Nxe2+ 28.
Qxe2 a4 29. h4 axb3 30. axb3 Nxb3 31. Rb1 Nc5 32. h5 b3 33. hxg6 h6 34. gxf7+ Kxf7 35. Bh5+ Kg8 36. Qg4 Kh8 37. Qg6 Rg8 38. Bxh6 Ne4 39.
Bf4 Qc6 40. Bf3 e5 41. Qh5+ Bh6 42. Bxh6 Nf6 43. Qh4 Kh7 44. Bf8+ Kg6 45. Qh6+ Kf7 46. Ba3 Rg6 47. Qh3 Rcg8 48. Qf5 e4 49. Rxb3 exf3 50.
g3 Rg5 51. Qf4 Qe6 52. Qd4 Rh8 53. Rb7+ Kg6 54. Qd3+ Qe4 55. Qxe4+ dxe4 56. Rh7 Rxh7 57. g4 Rxg4+ 58. Kf1 Rh1# 0-1

[Event "*** Titled Tuesday Blitz"]
[Site "Chess.com"]
[Date "2020.05.19"]
[Round "2"]
[White "GMaka"]
[Black "vpsetter"]
[Result "0-1"]
[WhiteElo "2431"]
[BlackElo "2667"]
[TimeControl "180+1"]
[EndTime "12:20:06 PDT"]
[Termination "vpsetter won on time"]

1. d4 Nf6 2. Bg5 d5 3. e3 c5 4. c3 Nc6 5. Nd2 e5 6. dxe5 Nxe5 7. Ngf3 Nc6 8. Bd3 Be7 9. O-O O-O 10. Qc2 h6 11. Bh4 Be6 12. Rad1 Rc8 13. Rfe1 Ng4 14. Bg3 Bd6 15. Bf5 Bxg3 16. hxg3 Qf6 17.
Bxe6 fxe6 18. e4 d4 19. cxd4 Nxd4 20. Qc4 b5 21. Qf1 c4 22. e5 Nxf3+ 23. Nxf3 Qg6 24.
Qe2 Qh5 25. Rd4 Rf5 26. Nh4 Rxe5 27. Re4 Rxe4 28. Qxe4 e5 29. Qb7 Rf8 30. f3 Nf6 31. Qxb5 Qg5 32. Qxc4+ Kh8 33. Qc1 Qxg3 34. Nf5 Qg6 35.
Ne7 Qf7 36. Rxe5 Re8 37. Qe3 Kh7 38. Qd3+ g6 39. Qe3 Ng8 40. Nc6 Rxe5 41. Nxe5 Qxa2 42. Qe4 Qe6 43. Nd3 Qxe4 44. fxe4 Kg7 45. Kf2 Kf6 46.
Ke3 Ne7 47. Kd4 Ke6 48. Nc5+ Kd6 49. Nb7+ Kc7 50. Nc5 Kd6 51. e5+ Kc6 52. Nd3 Nf5+ 53. Ke4 Kd7 54. Nf4 Ne7 55. Kd4 g5 56. Nh5 Ke6 57.
Ng7+ Kf7 58. Nh5 Ke6 59. g4 Nc6+ 60. Kc5 Nxe5 61. b4 Nxg4 0-1